 Dungeon Crawl Stone Soup version 0.23.2-1-ga50397a6bc (webtiles) character file.

Game seed: 8223037646709572273

2719 Revguard the Chopper (level 9, -11/68 HPs)
             Began as a Demonspawn Gladiator on Apr 17, 2019.
             Mangled by Harold
             ... wielding a +3 scimitar of holy wrath
              (20 damage)
             ... on level 7 of the Dungeon.
             The game lasted 00:28:09 (6466 turns).

Revguard the Chopper (Demonspawn Gladiator)         Turns: 6466, Time: 00:28:12

Health: -11/68     AC:  7    Str: 14    XL:     9   Next: 39%
Magic:  10/10      EV: 15    Int: 11    God:
Gold:   501        SH:  0    Dex: 19    Spells: 8/8 levels left

rFire    . . .     SeeInvis .   b - +1 rapier (freeze)
rCold    . . .     Gourm    .   (no shield)
rNeg     + . .     Faith    .   B - +0 troll leather armour {Purgy}
rPois    .         Spirit   .   (helmet restricted)
rElec    .         Reflect  .   y - +0 cloak
rCorr    .         Harm     .   l - +0 pair of gloves
MR       .....                  (no boots)
Stlth    +++++.....             p - amulet of the acrobat
HPRegen  0.61/turn              z - ring of positive energy
MPRegen  0.12/turn              (no ring)

@: about to teleport
A: horns 2, thin skeletal structure 1, demonic guardian 1, nightstalker 1
a: no special abilities


You were on level 7 of the Dungeon.
You were very hungry.

You visited 1 branch of the dungeon, and saw 7 of its levels.
You also visited: Sewer.

You collected 501 gold pieces.

Inventory:

Hand Weapons
 a - a +0 war axe
 b - a +1 rapier of freezing (weapon)
 u - a +0 dagger
Missiles
 d - 3 throwing nets (quivered)
Armour
 l - a +0 pair of gloves (worn)
 y - a +0 cloak (worn)
 B - a +0 troll leather armour (worn) {Purgy}
Jewellery
 p - an amulet of the acrobat (around neck)
 z - a ring of positive energy (left hand)
Wands
 r - a wand of digging (4)
 w - a wand of random effects (36)
Scrolls
 h - 5 scrolls of remove curse
 k - 2 scrolls of fear
 m - 4 scrolls of teleportation
 o - 2 scrolls of noise
 s - a scroll of fog
Potions
 i - a potion of lignification
 n - 4 potions of curing
 t - a potion of haste
 C - a potion of might
Comestibles
 f - 8 rations


   Skills:
 + Level 5.4 Fighting
 * Level 3.7 Short Blades
 - Level 5.8 Axes
 - Level 1.7 Throwing
 + Level 3.7 Armour
 + Level 5.4 Dodging
 + Level 5.7 Stealth
 + Level 2.4 Evocations


You had 8 spell levels left.
You didn't know any spells.
Your spell library contained the following spells:

 Spells                   Type           Power        Failure   Level  Hunger
 Confusing Touch          Hex            #.....       41%         1    ##.....
 Confuse                  Hex            #.......     78%         3    ####...
 Gell's Gravitas          Tloc           #.........   78%         3    ####...
 Petrify                  Tmut/Erth      #.......     99%         4    #####..
 Metabolic Englaciation   Hex/Ice        #.........   100%        5    ######.
 Yara's Violent Unravell  Hex/Tmut       #.........   100%        5    ######.


Dungeon Overview and Level Annotations

Branches:
Dungeon (7/15)             Temple (0/1) D:7

Altars:
Gozag
Nemelex Xobeh
Ru
Uskayaw
Vehumet

Annotations:
D:7 Harold


Innate Abilities, Weirdness & Mutations

You have a pair of horns on your head.
You have a somewhat thin skeletal structure. (Dex +2, Stealth)
A weak demonic guardian rushes to your aid.
You are slightly more attuned to the shadows.


Message History

You miss the killer bee. The killer bee stings you. The bullfrog misses you.
The killer bee closely misses you. The bullfrog closely misses you.
As you read the scroll of teleportation, it crumbles to dust.
You feel strangely unstable. The killer bee stings you!
The bullfrog barely misses you. The killer bee misses you.
Really read the scroll of immolation?
As you read the scroll of immolation, it crumbles to dust.
The creatures around you are filled with an inner flame!
The killer bee barely misses you.
The bullfrog hits you but does no damage.
The killer bee stings you but does no damage.
The bullfrog closely misses you.
You hit Harold. You freeze Harold.
Harold is moderately wounded.
The sentinel's mark upon you fades away.
The killer bee misses you.
Harold hits you with a +3 scimitar of holy wrath!
* * * LOW HITPOINT WARNING * * *
You convulse!!
You die...

#....#
#####..Y@####
........H.yy#
####.#...##o#
#.#...##l######
#.#....YH5....<
#.#..###.#.####
#..)F###.#.#
#..oy@@H.# #
##.####### ..
#†.........#
#..##### #.# #.)#
#.# #####..# #.#
#...)..#######.#
#.##.#.........#
#...#.#####.###.###


You could see Harold (inner flame), a hippogriff (inner flame), a bullfrog
(inner flame), a killer bee (inner flame) and an orc wizard (inner flame).

Vanquished Creatures
  A troll (D:6)
  Sigmund (D:6)
  Eustachio (D:6)
  Duvessa (D:6)
  An ice beast (D:7)
  Purgy (Sewer)
  2 orc warriors
  A centaur (D:5)
  8 big kobolds (D:6)
  A bullfrog (D:6)
  A scorpion (D:5)
  4 electric eels (D:6)
  A howler monkey (D:7)
  2 crimson imps (D:6)
  Crazy Yiuf (D:6)
  3 hounds (D:6)
  2 orc priests (D:4)
  3 orc wizards
  A bullfrog skeleton (D:5)
  2 iguanas
  2 worker ants
  2 gnolls (D:6)
  7 adders
  2 worms
  A dart slug (D:3)
  4 leopard geckos
  18 orcs
  A ball python (D:3)
  9 giant cockroaches
  4 goblins
  5 hobgoblins
  4 jackals (D:1)
  36 kobolds
  3 quokkas
  6 bats
  3 frilled lizards
  A quokka zombie (D:5)
  6 rats
152 creatures vanquished.

Vanquished Creatures (collateral kills)
  A phantom (D:4)
  An ogre (D:6)
  A bullfrog (D:3)
  Dowan (D:6)
  A howler monkey (D:4)
  An orc priest (D:6)
  A jelly (D:5)
  A bullfrog zombie (D:3)
  2 orc wizards
  An iguana (D:6)
  2 adders (D:2)
  A dart slug (D:4)
  3 orcs
  2 hobgoblins
  2 bats
  12 kobolds (D:6)
33 creatures vanquished.

Vanquished Creatures (others)
  A howler monkey (D:6)
  A plant (D:7)
2 creatures vanquished.

Grand Total: 187 creatures vanquished

Notes
Turn   | Place    | Note
-------+----------+-------------------------------------------
     0 | D:1      | Revguard the Demonspawn Gladiator began the quest for the
                  | Orb.
     0 | D:1      | Reached XP level 1. HP: 16/16 MP: 1/1
   154 | D:1      | You fall through a shaft!
   419 | D:1      | Gained mutation: You have a pair of small horns on your
                  | head. [demonic ancestry]
   419 | D:1      | Reached XP level 2. HP: 18/22 MP: 2/2
   774 | D:1      | Gained mutation: A weak demonic guardian rushes to your
                  | aid. [demonic ancestry]
   774 | D:1      | Reached XP level 3. HP: 23/27 MP: 3/3
  1822 | D:3      | Found a sacrificial altar of Ru.
  1843 | D:3      | Reached XP level 4. HP: 19/33 MP: 4/4
  2108 | D:3      | Reached skill level 1 in Armour
  2159 | D:3      | Found an opulent altar of Gozag.
  2240 | D:3      | Found a radiant altar of Vehumet.
  2339 | D:3      | Found a sacrificial altar of Ru.
  2356 | D:3      | Noticed an orc warrior
  2356 | D:3      | Noticed a bullfrog
  2360 | D:3      | Found a transporter.
  2367 | D:3      | Found a transporter.
  2745 | D:4      | Reached XP level 5. HP: 39/39 MP: 5/5
  2922 | D:4      | Noticed a phantom
  2931 | D:4      | Killed a phantom
  2931 | D:4      | Reached skill level 5 in Axes
  2931 | D:4      | Gained mutation: You are slightly more attuned to the
                  | shadows. [demonic ancestry]
  2931 | D:4      | Reached XP level 6. HP: 38/46 MP: 6/6
  3984 | D:3      | Killed an orc warrior
  3984 | D:3      | Reached skill level 1 in Stealth
  4047 | D:5      | Entered Level 5 of the Dungeon
  4060 | D:5      | Gained mutation: You have a pair of horns on your head.
                  | [demonic ancestry]
  4060 | D:5      | Reached XP level 7. HP: 41/52 MP: 7/7
  4084 | D:5      | Got a ripped robe
  4097 | D:5      | Identified the +0 robe of the Cast Vote {rPois MR++ Regen+
                  | Dex-2} (You found it on level 5 of the Dungeon)
  4456 | D:6      | Found a glowing drain.
  4509 | Sewer    | Entered a sewer
  4587 | Sewer    | Noticed Purgy
  4599 | Sewer    | Killed Purgy
  4721 | D:6      | Noticed Sigmund
  4734 | D:6      | Killed Sigmund
  4736 | D:6      | Noticed Dowan
  4744 | D:6      | Killed Dowan
  4758 | D:6      | Reached XP level 8. HP: 33/60 MP: 8/8
  5042 | D:6      | Reached skill level 1 in Short Blades
  5201 | D:6      | Reached skill level 1 in Evocations
  5440 | D:6      | Reached skill level 5 in Fighting
  5440 | D:6      | Reached skill level 5 in Dodging
  5440 | D:6      | Reached skill level 5 in Stealth
  5530 | D:6      | Noticed Duvessa
  5542 | D:6      | Gained mutation: You have a somewhat thin skeletal
                  | structure. (Dex +2, Stealth) [demonic ancestry]
  5542 | D:6      | Reached XP level 9. HP: 29/68 MP: 10/10
  5549 | D:6      | Killed Duvessa
  5555 | D:6      | Found a sparkling altar of Nemelex Xobeh.
  5777 | D:6      | Found a runed translucent door.
  5778 | D:6      | Noticed Crazy Yiuf
  5785 | D:6      | Killed Crazy Yiuf
  5889 | D:6      | Noticed Eustachio
  5920 | D:6      | Killed Eustachio
  5927 | D:6      | Noticed a troll
  5933 | D:6      | Killed a troll
  6095 | D:6      | Found a hide-covered altar of Uskayaw.
  6424 | D:7      | Found a staircase to the Ecumenical Temple.
  6430 | D:7      | Noticed Harold
  6457 | D:7      | HP: 3/68 [Harold/+3 scimitar of holy wrath (29)]
  6466 | D:7      | Mangled by Harold

Skill      XL: |  1  2  3  4  5  6  7  8  9 |
---------------+----------------------------+-----
Axes           | 3 4 5 |  5.8
Dodging        | 3 4 5 |  5.4
Armour         | 1 2 3 |  3.7
Fighting       | 3 5 |  5.4
Stealth        | 1 3 5 |  5.7
Short Blades   | 2 3 |  3.7
Evocations     | 1 2 |  2.4
Throwing       | |  1.7

Action                   |  1- 3 |  4- 6 |  7- 9 || total
-------------------------+-------+-------+-------++-------
Melee: War axe           |    93 |   105 |    56 ||   254
       Headbutt          |    12 |    17 |    49 ||    78
       Dagger            |       |       |   184 ||   184
       Rapier            |       |       |    46 ||    46
Evoke: Wand              |       |       |    29 ||    29
  Use: Potion            |     7 |     1 |     3 ||    11
       Scroll            |       |       |    13 ||    13
 Stab: Sleeping          |       |     1 |    17 ||    18
       Distracted        |       |       |     4 ||     4
       Confused          |       |       |     6 ||     6
  Eat: Chunk             |     2 |     8 |     7 ||    17
Armor: Leather armour    |    15 |       |       ||    15
       Ring mail         |    20 |    44 |     2 ||    66
       Robe              |       |       |     8 ||     8
       Troll leather arm |       |       |    59 ||    59
Dodge: Dodged            |   110 |   108 |   318 ||   536
